 Dungeon Crawl Stone Soup version 0.21-a0-39-g28ea6b7 (webtiles) character file.

11393 Duffy the Cleaver (level 11, 0/72 HPs)
             Began as a Naga Fighter on June 3, 2017.
             Was a Priest of Makhleb.
             Slain by a two-headed ogre
             ... wielding a +0 giant club
              (23 damage)
             ... on level 11 of the Dungeon.
             The game lasted 00:14:46 (13068 turns).

Duffy the Cleaver (Naga Fighter)                   Turns: 13068, Time: 00:14:47

Health: 0/72       AC: 19    Str: 21    XL:     11   Next: 77%
Magic:  14/15      EV:  4    Int:  9    God:    Makhleb [***...]
Gold:   327        SH: 11    Dex:  9    Spells: 10/10 levels left

rFire    . . .     SeeInvis +   a - +1 war axe
rCold    + . .     Gourm    .   c - +0 shield
rNeg     . . .     Faith    .   H - +3 plate armour {MR+}
rPois    +         Spirit   .   M - +2 hat {MR+}
rElec    .         Reflect  .   (no cloak)
rCorr    .         Harm     .   P - +0 pair of gloves
MR       +++..                  (no barding)
Stlth    ..........             (no amulet)
Regen    0.3/turn               u - ring of protection from cold
MPRegen  0.2/turn               (no ring)

@: very slow
A: iridescent scales 1, see invisible, clumsy 1, deformed body, frail 2, poison
resistance, slowness 2, slow metabolism 1, spit poison 1, AC +3
a: Spit Poison, Minor Destruction, Lesser Servant of Makhleb, Renounce Religion


You were on level 11 of the Dungeon.
You worshipped Makhleb.
Makhleb was most pleased with you.
You were hungry.

You visited 2 branches of the dungeon, and saw 12 of its levels.

You collected 554 gold pieces.
You spent 227 gold pieces at shops.

Inventory:

Hand Weapons
 a - a +1 war axe (weapon)
 q - a +0 blowgun
 w - a +0 blowgun
 A - a +2 flail of protection
 I - a cursed +6 morningstar of freezing
Missiles
 i - 11 curare-tipped needles
Armour
 c - a +0 shield (worn)
 H - a +3 plate armour of magic resistance (worn)
 M - a +2 hat of magic resistance (worn)
 P - a +0 pair of gloves (worn)
Jewellery
 u - a ring of protection from cold (left hand)
Wands
 r - a wand of lightning (0/15)
 x - a wand of polymorph (0/24)
 C - a wand of paralysis (2/24)
 O - a wand of random effects (12/48)
 R - a wand of random effects (29/48)
Scrolls
 b - 4 scrolls of teleportation
 e - a scroll of immolation
 g - 3 scrolls of fear
 h - 2 scrolls of blinking
 l - 5 scrolls of remove curse
 n - 3 scrolls of enchant weapon
 o - a scroll of noise {unknown}
 y - 3 scrolls of enchant armour
 z - a scroll of silence {unknown}
 E - a scroll of acquirement {unknown}
 F - a scroll of vulnerability
 G - a scroll of recharging {unknown}
 J - a scroll of magic mapping
Potions
 d - 2 potions of might
 k - 2 potions of flight
 p - 4 potions of agility
 s - 4 potions of curing
 t - 2 potions of ambrosia
 D - 2 potions of cancellation {unknown}
 N - 2 potions of heal wounds
 Q - a potion of resistance {unknown}
 S - a potion of haste
Books
 v - a book of Flames

   Spells                             Type                      Level
   a - Flame Tongue                   Conjuration/Fire             1
   b - Throw Flame                    Conjuration/Fire             2
   c - Conjure Flame                  Conjuration/Fire             3
   d - Inner Flame                    Hexes/Fire                   3
   e - Sticky Flame                   Conjuration/Fire             4
   f - Fireball                       Conjuration/Fire             5
 K - a book of Ice

   Spells                             Type                      Level
   a - Ice Form                       Ice/Transmutation            4
   b - Metabolic Englaciation         Hexes/Ice                    5
   c - Ozocubu's Refrigeration        Ice                          6
   d - Bolt of Cold                   Conjuration/Ice              6
   e - Freezing Cloud                 Conjuration/Ice/Air          6
   f - Simulacrum                     Ice/Necromancy               6
 L - a book of Misfortune

   Spells                             Type                      Level
   a - Confusing Touch                Hexes                        1
   b - Confuse                        Hexes                        3
   c - Gell's Gravitas                Translocation                3
   d - Petrify                        Transmutation/Earth          4
   e - Metabolic Englaciation         Hexes/Ice                    5
   f - Yara's Violent Unravelling     Hexes/Transmutation          5
Comestibles
 f - 4 bread rations
 j - 3 meat rations
 m - 6 fruits
 B - 4 royal jellies


   Skills:
 - Level 3.0 Fighting
 + Level 11.4 Axes
 + Level 6.5 Armour
 - Level 9.0 Shields
 + Level 5.3 Invocations
 - Level 5.0 Evocations


You had 10 spell levels left.
You didn't know any spells.

Dungeon Overview and Level Annotations

Branches:
Dungeon (11/15)            Temple (1/1) D:6            Lair (0/6) D:11
    Orc (0/2) D:9

Altars:
Ashenzari
Cheibriados
Dithmenos
Elyvilon
Fedhas
Gozag
Hepliaklqana
Kikubaaqudgha
Makhleb
Nemelex Xobeh
Okawaru
Qazlal
Ru
Sif Muna
Trog
Uskayaw
Vehumet
Wu Jian
Xom
Yredelemnul
Zin
The Shining One

Shops:
D:4 !   D:9 *

Annotations:
D:4 exclusion: oklob plant


Innate Abilities, Weirdness & Mutations

You cannot wear boots.
Your serpentine skin is tough. (AC +3)
You have supernaturally acute eyesight. (SInv)
Armour fits poorly on your strangely shaped body.
Your system is resistant to poisons. (rPois)
You cover ground very slowly.
You have a slow metabolism.
You can spit poison.
You are partially covered in iridescent scales. (AC +2)
You are clumsy. (Dex -2)
You are very frail. (-20% HP)


Message History

Press: ? - help, Shift-Dir - straight line, f - two-headed ogre
Aim: a two-headed ogre, wielding two giant clubs (chance to defeat MR: 43%)
The two-headed ogre resists with some effort.
This wand has 4 charges left.
Evoke which item? (* to show all) (? for menu, Esc to quit)
Aiming: Paralyse
Press: ? - help, Shift-Dir - straight line, f - two-headed ogre
Aim: a two-headed ogre, wielding two giant clubs (chance to defeat MR: 43%)
The two-headed ogre resists with some effort.
This wand has 3 charges left.
The two-headed ogre hits you but does no damage.
The two-headed ogre hits you with a giant club!
Evoke which item? (* to show all) (? for menu, Esc to quit)
Aiming: Paralyse
Press: ? - help, Shift-Dir - straight line, f - two-headed ogre
Aim: a two-headed ogre, wielding two giant clubs (chance to defeat MR: 43%)
The two-headed ogre resists with some effort.
This wand has 2 charges left.
The two-headed ogre hits you with a giant club!!
You die...

,,,<,,,,,*
*,,*,,,~,,,*,,,,***,*
**********
*,,,*******,,,,,,,,,* ** *****
**,,**,****** ,* ###***,,,,,,*
*** ,* #..,,,,,,,*** *,, ,*
#.#***,,,,* **,* ,* #.# ****,*
*,,* ,* #O# *,* *,** ,* #@# *,*
*,* ,* #%# *,* *,* ,* #%# *,*
*,* ,* ######.######*,*****,*#
,* #.............,,,,,,,,. ,*
###.####.######.*,**,,,,.
,########...#
#!#,,,,,***,,,,**#
,...........# #.#.#***,*,###,*
#
,...#####...####.#.*#***,*#..,*
#


You could see a two-headed ogre.

Vanquished Creatures
  Gastronok (D:8)
  5 two-headed ogres
  Sonja (D:10)
  Joseph (D:7)
  A gargoyle (D:10)
  The ghost of seren the Chopper, an amateur FoAK of Lugonu (D:3)
  2 hippogriffs (D:7)
  5 yaks (D:11)
  Sigmund (D:6)
  Eustachio (D:4)
  A steam dragon (D:10)
  Menkaure (D:7)
  The ghost of tilp the Chiller, an amateur MfIE (D:4)
  A soldier ant (D:10)
  Edmund (D:4)
  2 orc warriors
  2 sky beasts
  An ice beast (D:8)
  An eye of draining (D:8)
  2 ogres
  A centaur (D:8)
  4 bullfrogs
  A wyvern skeleton (D:6)
  4 scorpions
  3 killer bees (D:8)
  13 wights
  2 howler monkeys
  3 crimson imps
  4 jellies
  A bullfrog zombie (D:6)
  3 hounds
  3 bullfrog skeletons
  8 orc wizards
  5 iguanas
  Ijyb (D:3)
  Natasha (thrice) (D:3)
  5 worker ants
  A worker ant zombie (D:7)
  2 gnolls (D:9)
  A howler monkey skeleton (D:2)
  15 adders
  5 shadow imps
  2 oozes
  An adder skeleton (D:5)
  5 worms
  2 dart slugs
  7 leopard geckos
  31 orcs
  A ball python (D:3)
  4 bats
  2 bat skeletons (D:2)
  2 bat zombies (D:2)
  5 giant cockroaches
  6 goblins
  9 hobgoblins
  12 jackals
  6 kobolds
  5 quokkas
  5 frilled lizards
  A giant cockroach zombie (D:2)
  A jackal skeleton (D:2)
  A leopard gecko zombie (D:8)
  3 quokka skeletons
  10 rats
241 creatures vanquished.

Vanquished Creatures (others)
  A fungus (D:10)
1 creature vanquished.

Grand Total: 242 creatures vanquished

Notes
Turn   | Place    | Note
-------+----------+-------------------------------------------
     0 | D:1      | Duffy the Naga Fighter began the quest for the Orb.
     0 | D:1      | Reached XP level 1. HP: 21/21 MP: 1/1
   121 | D:1      | Reached XP level 2. HP: 14/28 MP: 2/2
   714 | D:1      | Reached XP level 3. HP: 34/34 MP: 3/3
   939 | D:2      | Found an ornate altar of the Wu Jian Council.
   963 | D:2      | Reached skill level 3 in Axes
  1335 | D:2      | Reached XP level 4. HP: 24/42 MP: 4/4
  1869 | D:2      | Reached XP level 5. HP: 46/49 MP: 5/5
  2236 | D:3      | Noticed Ijyb
  2246 | D:3      | Killed Ijyb
  2246 | D:3      | Reached skill level 4 in Axes
  2314 | D:3      | Noticed Natasha
  2318 | D:3      | Killed Natasha
  2341 | D:3      | Noticed Natasha
  2350 | D:3      | Killed Natasha
  2595 | D:3      | Found a burning altar of Makhleb.
  2596 | D:3      | Reached XP level 6. HP: 53/56 MP: 6/6
  2606 | D:3      | Became a worshipper of Makhleb the Destroyer
  2686 | D:3      | Noticed Natasha
  2692 | D:3      | Killed Natasha
  2711 | D:3      | Noticed seren's ghost (amateur FoAK)
  2881 | D:3      | Killed seren's ghost
  2881 | D:3      | Reached skill level 5 in Axes
  2881 | D:3      | Reached XP level 7. HP: 35/62 MP: 7/7
  3100 | D:4      | Reached skill level 5 in Shields
  3451 | D:4      | Found Ahofevuwk's Distillery.
  3456 | D:4      | Bought a potion of heal wounds for 50 gold pieces
  3491 | D:4      | Noticed Edmund
  3497 | D:4      | Killed Edmund
  3565 | D:4      | Reached * piety under Makhleb
  3565 | D:4      | Reached skill level 6 in Axes
  3583 | D:4      | Noticed tilp's ghost (amateur MfIE)
  3601 | D:4      | Killed tilp's ghost
  3777 | D:4      | HP: 2/62 [ogre/giant club (19)]
  4100 | D:4      | Reached XP level 8. HP: 53/69 MP: 8/8
  4195 | D:4      | Bought a potion of berserk rage for 50 gold pieces
  4247 | D:4      | Noticed Eustachio
  4592 | D:4      | Killed Eustachio
  4592 | D:4      | Reached skill level 7 in Axes
  4636 | D:4      | Found a blossoming altar of Fedhas.
  4648 | D:4      | Noticed an oklob plant
  4723 | D:5      | Entered Level 5 of the Dungeon
  4973 | D:5      | Found a shimmering altar of Xom.
  5112 | D:5      | Found a sacrificial altar of Ru.
  5255 | D:4      | Bought a potion of lignification for 30 gold pieces
  5731 | D:6      | Found a staircase to the Ecumenical Temple.
  5833 | D:6      | Reached skill level 1 in Evocations
  5869 | D:6      | Found an iron altar of Okawaru.
  6249 | D:6      | Reached XP level 9. HP: 40/75 MP: 10/10
  6328 | D:6      | Noticed Sigmund
  6421 | D:6      | Killed Sigmund
  6421 | D:6      | Reached skill level 8 in Axes
  6562 | D:6      | Reached ** piety under Makhleb
  7513 | D:6      | Gained mutation: Your flesh is heat resistant. (rF+) [mutagenic meat]
  7514 | D:6      | Gained mutation: Your tail ends in a poisonous barb. [mutagenic meat]
  7516 | D:6      | Gained mutation: You are partially covered in slimy green scales. (AC +2) [mutagenic meat]
  7830 | Temple   | Entered the Ecumenical Temple
  8539 | D:7      | Noticed Menkaure
  8549 | D:7      | Killed Menkaure
  8549 | D:7      | Reached skill level 9 in Axes
  9024 | D:7      | Noticed Joseph
  9046 | D:7      | Killed Joseph
  9046 | D:7      | Reached skill level 5 in Evocations
  9046 | D:7      | Reached XP level 10. HP: 57/84 MP: 13/13
  9209 | D:7      | Found a snail-covered altar of Cheibriados.
  9618 | D:8      | Found a radiant altar of Vehumet.
  9619 | D:8      | Found a shadowy altar of Dithmenos.
  9620 | D:8      | Found a white marble altar of Elyvilon.
  9620 | D:8      | Found a hide-covered altar of Uskayaw.
  9621 | D:8      | Found a basalt altar of Yredelemnul.
  9675 | D:8      | Noticed a two-headed ogre
  9689 | D:8      | Killed a two-headed ogre
  9948 | D:8      | Gained mutation: You are partially covered in icy blue scales. (AC +2) [mutagenic meat]
  9949 | D:8      | Gained mutation: You passively map a small area around you. [mutagenic meat]
  9950 | D:8      | Lost mutation: You passively map a small area around you. [mutagenic meat]
  9951 | D:8      | Gained mutation: You are weak. (Str -2) [mutagenic meat]
  9952 | D:8      | Lost mutation: Your flesh is heat resistant. (rF+) [mutagenic meat]
  9953 | D:8      | Lost mutation: Your tail ends in a poisonous barb. [mutagenic meat]
 10204 | D:8      | Noticed Gastronok
 10271 | D:8      | Killed Gastronok
 10271 | D:8      | Reached *** piety under Makhleb
 10271 | D:8      | Reached skill level 10 in Axes
 10464 | D:8      | Reached skill level 5 in Armour
 10498 | D:8      | Reached XP level 11. HP: 90/90 MP: 14/14
 10711 | D:8      | Reached skill level 1 in Invocations
 10744 | D:9      | Found Okhal's General Store.
 10750 | D:9      | Bought a scroll of enchant armour for 97 gold pieces
 11149 | D:9      | Noticed a two-headed ogre
 11164 | D:9      | Killed a two-headed ogre
 11189 | D:9      | Found a staircase to the Orcish Mines.
 11299 | D:9      | Noticed a two-headed ogre
 11308 | D:9      | Killed a two-headed ogre
 11458 | D:9      | Noticed a two-headed ogre
 11470 | D:9      | Killed a two-headed ogre
 11527 | D:9      | Lost mutation: You are partially covered in slimy green scales. (AC +2) [potion of mutation]
 11527 | D:9      | Lost mutation: You are weak. (Str -2) [potion of mutation]
 11527 | D:9      | Lost mutation: You are partially covered in icy blue scales. (AC +2) [potion of mutation]
 11527 | D:9      | Gained mutation: You are partially covered in yellow scales. (AC +2) [potion of mutation]
 11527 | D:9      | Gained mutation: You tend to lose your temper in combat. [potion of mutation]
 11527 | D:9      | Gained mutation: You are resistant to hostile enchantments. (MR+) [potion of mutation]
 11528 | D:9      | Lost mutation: You tend to lose your temper in combat. [potion of mutation]
 11528 | D:9      | Lost mutation: You are partially covered in yellow scales. (AC +2) [potion of mutation]
 11528 | D:9      | Lost mutation: You are resistant to hostile enchantments. (MR+) [potion of mutation]
 11528 | D:9      | Gained mutation: You are clumsy. (Dex -2) [potion of mutation]
 11528 | D:9      | Gained mutation: Your mind is acute. (Int +2) [potion of mutation]
 11529 | D:9      | Lost mutation: You are clumsy. (Dex -2) [potion of mutation]
 11529 | D:9      | Lost mutation: Your mind is acute. (Int +2) [potion of mutation]
 11529 | D:9      | Gained mutation: You are frail. (-10% HP) [potion of mutation]
 11529 | D:9      | Gained mutation: You are very frail. (-20% HP) [potion of mutation]
 11529 | D:9      | Gained mutation: You are clumsy. (Dex -2) [potion of mutation]
 11529 | D:9      | Gained mutation: You are partially covered in iridescent scales. (AC +2) [potion of mutation]
 11586 | D:10     | Entered Level 10 of the Dungeon
 11641 | D:10     | Noticed a two-headed ogre
 11651 | D:10     | Killed a two-headed ogre
 11651 | D:10     | Reached skill level 11 in Axes
 12325 | D:10     | Noticed Sonja
 12338 | D:10     | Killed Sonja
 12916 | D:11     | Reached skill level 5 in Invocations
 13020 | D:11     | Noticed a two-headed ogre
 13068 | D:11     | Slain by a two-headed ogre

Vault maps used:
D:1:      wheals_arrival_linesprint, hex_tiny, minmay_split_cup_small
D:2:      lemuel_doored_altar, serial_undead, serial_undead_a, serial_undead_d,
          serial_undead_b, serial_undead_a, serial_undead_a, serial_undead_d
D:3:      lemuel_round_altar, uniq_ijyb, uniq_natasha
D:4:      tgw_fedhas, serial_shops, kennysheep_little_box, first_bread,
          serial_bayou_pond_b, uniq_eustachio, uniq_edmund
D:5:      basic_altar, minmay_misc_feat_four_crosses, nicolae_ru_path_of_blood
D:6:      temple_statues, basic_altar, uniq_sigmund
D:7:      cheibrodos_worm_habitat, uniq_menkaure, uniq_joseph
D:8:      grunt_temple_overflow_open, serial_co_window_serial,
          co_window_paths_a, co_window_cross_1, co_window_of_opportunity_a,
          co_window_paths_a, co_window_paths_a, co_window_corner_b,
          co_window_cross_4, co_window_unsneaky_path_c, glass_columns_a,
          glass_columns_a, glass_columns_c, glass_columns_c, glass_columns_b,
          uniq_gastronok
D:9:      minmay_cornered_nines, david_orc_2, serial_shops, shop,
          grunt_decor_arrowhead
D:10:     kennysheep_steamy, uniq_sonja
D:11:     dpeg_oklobed_lair
Temple:   cyrus_circular_temple

Skill      XL: |  1  2  3  4  5  6  7  8  9 10 11 |
---------------+----------------------------------+-----
Shields        | 3 4 5 6 8 9 |  9.0
Axes           | 3 4 5 6 7 9 10 11 | 11.4
Evocations     | 2 5 |  5.0
Armour         | 3 5 6 |  6.5
Invocations    | 5 |  5.3
Fighting       | |  3.0

Action                   |  1- 3 |  4- 6 |  7- 9 | 10-12 || total
-------------------------+-------+-------+-------+-------++-------
Melee: War axe           |   119 |   113 |   421 |   372 ||  1025
       Tailslap          |       |       |    19 |     7 ||    26
 Abil: Spit Poison       |       |     2 |    21 |     2 ||    25
Evoke: Wand              |       |       |       |    15 ||    15
  Use: Scroll            |     2 |     2 |     6 |     6 ||    16
       Potion            |       |       |     4 |     4 ||     8
 Stab: Paralysed         |       |       |       |    30 ||    30
  Eat: Chunk             |       |     5 |    10 |    17 ||    32
       Meat ration       |       |       |     2 |       ||     2
Armor: Scale mail        |    19 |       |       |       ||    19
       Ring mail         |    47 |    55 |   168 |       ||   270
       Plate armour      |       |       |    17 |   161 ||   178
       Skin              |       |       |     4 |       ||     4
Dodge: Dodged            |    40 |    25 |   110 |    34 ||   209
Block: Shield            |    81 |    60 |   267 |   158 ||   566
